 Dungeon Crawl Stone Soup version 0.19.3-4-gbf9329e (webtiles) character file.

588 volk64 the Shield-Bearer (level 7, 0/54 HPs)
             Began as a Formicid Fighter on Jan 27, 2017.
             Was a Follower of Uskayaw.
             Succumbed to a scorpion's poison
             ... on level 5 of the Dungeon.
             The game lasted 00:13:49 (2653 turns).

volk64 the Shield-Bearer (Formicid Fighter)         Turns: 2653, Time: 00:13:49

Health: 0/54       AC:  8    Str: 22 (24) XL:     7   Next: 65%
Magic:  7/7        EV:  7    Int:  6 (8)  God:    Uskayaw [*.....]
Gold:   202        SH: 18    Dex:  8 (11) Spells: 0 memorised, 6 levels left

rFire  . . .     SeeInvis +     a - +1 war axe
rCold  . . .     Gourm    .     b - +0 scale mail
rNeg   . . .     Faith    .     j - +2 large shield
rPois  .         Spirit   .     (helmet unavailable)
rElec  .         Reflect  .     q - +0 cloak
rCorr  .         Harm     .     (no gloves)
MR     +....                    (no boots)
Stlth  ..........               s - amulet of inaccuracy
                                r - +3 ring of strength
                                p - ring of protection from magic

@: lethally poisoned (0 -> -3)
A: permanent stasis, dig shafts and tunnels, four strong arms, antennae 3
a: Dig, Shaft Self, Stomp, Renounce Religion


You were on level 5 of the Dungeon.
You worshipped Uskayaw.
Uskayaw was noncommittal.
You were not hungry.

You visited 1 branch of the dungeon, and saw 6 of its levels.

You collected 202 gold pieces.

Inventory:

Hand Weapons
 a - a +1 war axe (weapon)
 k - a +0 scythe
Missiles
 e - 7 javelins of penetration (quivered)
Armour
 b - a +0 scale mail (worn)
 c - a +0 shield
 j - a +2 large shield (worn)
 m - a +0 plate armour
 q - a +0 cloak (worn)
Jewellery
 g - an uncursed ring of ice {unknown}
 p - a ring of protection from magic (left hand)
 r - a +3 ring of strength (right hand)
 s - an amulet of inaccuracy (around neck)
Wands
 v - a wand of lightning (9/15)
Scrolls
 h - 6 scrolls of identify
 t - a scroll of fear {unknown}
 u - 2 scrolls of remove curse
 x - a scroll of enchant weapon
Potions
 d - a potion of might
 n - a potion of lignification
 o - a potion of degeneration
Comestibles
 f - 2 bread rations
 i - 2 beef jerkies
 l - a meat ration
 w - 7 chunks of flesh


   Skills:
 + Level 4.0 Fighting
 + Level 3.9 Axes
 + Level 4.5 Armour
 + Level 1.0 Dodging
 + Level 1.1 Stealth
 + Level 7.5 Shields


You had 6 spell levels left.
You didn't know any spells.

Dungeon Overview and Level Annotations

Branches:
Dungeon (6/15)             Temple (0/1) D:4

Altars:
Sif Muna
Uskayaw


Innate Abilities, Weirdness & Mutations

You are under a permanent stasis effect.
You can dig through walls and to a lower floor.
Your four strong arms can wield two-handed weapons with a shield.
You have a pair of large antennae on your head. (SInv)


Message History

You feel sick.
The centaur shouts!
Found a rapier and a glowing silver wand.
Found a deep blue altar of Sif Muna.
Found a stone staircase leading up.
You enter a teleport trap!
The teleport trap disappears.
The centaur wields a shortbow.
The centaur shoots an arrow.
You block the arrow.
You see here an arrow.
* * * LOW HITPOINT WARNING * * *
You feel sick.
* * * LOW HITPOINT WARNING * * *
You feel sick.
The centaur shoots an arrow.
You block the arrow.
Found a robe.
You see here an arrow.
There is a stone staircase leading up here.
* * * LOW HITPOINT WARNING * * *
You feel sick.
You climb upwards.
There is a stone staircase leading down here.
You die...

..$........#
...........#
..........#
.........##
#........##
#........#
#####......#
.......@...#...
#######>.......
#.######. ..#
.### .# ##


There were no monsters in sight!

Vanquished Creatures
  Sigmund (D:2)
  The ghost of dngmouse the Vexing, an amateur FoEn (D:4)
  A phantom (D:4)
  A scorpion (D:4)
  A hound (D:4)
  A bullfrog skeleton (D:4)
  An iguana (D:4)
  A worker ant (D:4)
  An adder (D:2)
  2 dart slugs (D:1)
  3 leopard geckos
  5 orcs (D:4)
  2 ball pythons
  A giant cockroach (D:2)
  6 goblins
  5 hobgoblins (D:1)
  3 jackals (D:1)
  4 kobolds (D:2)
  5 bats
  5 frilled lizards
  8 rats
58 creatures vanquished.

Vanquished Creatures (others)
  5 toadstools (D:1)
5 creatures vanquished.

Grand Total: 63 creatures vanquished

Notes
Turn   | Place    | Note
-------+----------+-------------------------------------------
     0 | D:1      | volk64 the Formicid Fighter began the quest for the Orb.
     0 | D:1      | Reached XP level 1. HP: 18/18 MP: 1/1
    86 | D:1      | Reached XP level 2. HP: 10/24 MP: 2/2
   359 | D:1      | Reached skill level 4 in Shields
   517 | D:1      | Reached XP level 3. HP: 30/30 MP: 3/3
   870 | D:2      | Noticed Sigmund
   891 | D:2      | Killed Sigmund
   891 | D:2      | Reached skill level 1 in Dodging
   891 | D:2      | Reached skill level 1 in Stealth
   891 | D:2      | Reached skill level 5 in Shields
   891 | D:2      | Reached XP level 4. HP: 20/37 MP: 4/4
   891 | D:2      | Reached XP level 5. HP: 23/42 MP: 5/5
   891 | D:2      | Reached XP level 6. HP: 26/48 MP: 6/6
  1526 | D:2      | Found a hide-covered altar of Uskayaw.
  1533 | D:2      | Became a worshipper of Uskayaw the Reveler
  1703 | D:3      | Reached * piety under Uskayaw
  2160 | D:4      | Noticed a phantom
  2221 | D:4      | Killed a phantom
  2221 | D:4      | Reached skill level 6 in Shields
  2221 | D:4      | Reached ** piety under Uskayaw
  2253 | D:4      | Found a staircase to the Ecumenical Temple.
  2378 | D:4      | Reached XP level 7. HP: 45/54 MP: 7/7
  2384 | D:4      | Noticed dngmouse's ghost (amateur FoEn)
  2548 | D:4      | Killed dngmouse's ghost
  2548 | D:4      | Reached skill level 7 in Shields
  2646 | D:4      | You fall through a shaft for 2 floors!
  2646 | D:6      | Found a deep blue altar of Sif Muna.
  2648 | D:6      | HP: 2/54 [poisoned by a scorpion]
  2652 | D:5      | Entered Level 5 of the Dungeon
  2653 | D:5      | Succumbed to a scorpion's poison

Skill      XL: |  1  2  3  4  5  6  7 |
---------------+----------------------+-----
Shields        | 4 5 6 7 |  7.5
Axes           | 3 |  3.9
Dodging        | 1 |  1.0
Stealth        | 1 |  1.1
Armour         | 4 |  4.5
Fighting       | 4 |  4.0

Action                   |  1- 3 |  4- 6 |  7- 9 || total
-------------------------+-------+-------+-------++-------
Melee: War axe           |    87 |   162 |   185 ||   434
Throw: Javelin           |     1 |       |       ||     1
Invok: Stomp             |       |     1 |     2 ||     3
 Abil: Shaft Self        |       |       |     1 ||     1
  Use: Scroll            |     3 |     2 |     1 ||     6
       Potion            |     1 |     2 |     1 ||     4
  Eat: Chunk             |       |     5 |       ||     5
       Bread ration      |       |       |     1 ||     1
Armor: Scale mail        |    28 |     8 |    10 ||    46
       Plate armour      |       |    42 |    41 ||    83
Dodge: Dodged            |    19 |    22 |    15 ||    56
Block: Shield            |    20 |       |       ||    20
       Large shield      |    41 |   163 |   146 ||   350
